AA
GARY SOUTHSHORE RAILCATS @ CHICAGO DOGS
05/10/2099
 
TOP OF THE 1ST
Texas AirHogs batting - Pitching for Lincoln Saltdogs : RHP Chris McGaffey
Pitching: RHP Chris McGaffey
Batting: LHB Dustin Higgins 0-0: Ball
1-0: Foul Ball, location: 5SF
1-1: Ball
2-1: Ball
3-1: Foul Ball, location: 25F
3-2: Foul Ball, location: 2F
3-2: Foul Ball, location: 5SF
3-2: Ground out 5-3 (Groundball, 56, EV 101.3 MPH)
Batting: RHB Bob Pagano 0-0: Swinging Strike
0-1: Ball
1-1: Ball
2-1: Ground out 6-3 (Groundball, 6, EV 85.0 MPH)
Batting: LHB Kevin Tedder 0-0: SINGLE (Line Drive, 6MD, EV 100.0 MPH)
Batting: LHB Felipe Ruiz 0-0: Swinging Strike
0-1: Foul Ball, location: 9LMF
0-2: Ball
1-2: Foul Ball, location: 3F
1-2: Ball
2-2: Ball
3-2: Base on Balls
Kevin Tedder to second
Batting: SHB Jose Cervantes 0-0: Ball
1-0: Ball
2-0: Swinging Strike
2-1: Swinging Strike
2-2: Strikes out swinging
Top of the 1st over - 0 runs, 1 hit, 0 errors, 2 left on base; Texas 0 - Lincoln 0
BOTTOM OF THE 1ST
Lincoln Saltdogs batting - Pitching for Texas AirHogs : RHP Ryan Barbato
Pitching: RHP Ryan Barbato
Batting: RHB Ernesto Cruz 0-0: Foul Ball, location: 9LDF
0-1: Swinging Strike
0-2: Strikes out swinging
Batting: LHB Paul Sims 0-0: Ball
1-0: Foul Ball, location: 7LDF
1-1: Ball
2-1: SINGLE (Line Drive, 6M, EV 73.1 MPH)
Batting: LHB Gustavo Gomez 0-0: Foul Ball, location: 7LDF
0-1: Ball
1-1: Called Strike
1-2: Reached on error, E6 (Groundball, 6, EV 80.6 MPH)
Paul Sims to second
Batting: RHB Mike Lincoln 0-0: Ball
1-0: Called Strike
1-1: DOUBLE (Flyball, 8RXD, EV 104.4 MPH)
Paul Sims scores
Gustavo Gomez to third
Runner from 3rd tries for Home, SAFE, throw by CF to trailing runner, OUT at third! 8-3-5
Batting: RHB Edward Echeverria 0-0: Ball
1-0: Called Strike
1-1: Foul Ball, location: 3SF
1-2: Ball
2-2: Foul Ball, location: 2F
2-2: DOUBLE (Flyball, 89D, EV 106.3 MPH)
Batting: LHB John Reinertsen 0-0: Foul Ball, location: 3SF
0-1: Foul Ball, location: 5FF
0-2: Strikes out swinging
Bottom of the 1st over - 2 runs, 3 hits, 1 error, 1 left on base; Texas 0 - Lincoln 2
TOP OF THE 2ND
Texas AirHogs batting - Pitching for Lincoln Saltdogs : RHP Chris McGaffey
Batting: RHB Gil Wozniak 0-0: Ball
1-0: Foul Ball, location: 2F
1-1: Ground out 5-3 (Groundball, 56, EV 80.0 MPH)
Batting: RHB Danny Nunez 0-0: Called Strike
0-1: Ball
1-1: Ground out 6-3 (Groundball, 56, EV 87.5 MPH)
Batting: RHB Taylor Schutte 0-0: Called Strike
0-1: Foul Ball, location: 3F
0-2: Foul Ball, location: 7LSFF
0-2: Ball
1-2: Strikes out looking
Top of the 2nd over - 0 runs, 0 hits, 0 errors, 0 left on base; Texas 0 - Lincoln 2
BOTTOM OF THE 2ND
Lincoln Saltdogs batting - Pitching for Texas AirHogs : RHP Ryan Barbato
Batting: RHB Jim Rera 0-0: SINGLE (Groundball, 6MD, EV 104.4 MPH)
Batting: RHB Jordan Ruiz 0-0: Ball
1-0: Ball
2-0: Ball
3-0: Called Strike
3-1: Sac Bunt to 2L - play at first, batter OUT! 2-3
Jim Rera to second
Batting: RHB Willie Balderas 0-0: Swinging Strike
0-1: Fly out, F9 (Flyball, 9S, EV 77.5 MPH)
Batting: RHB Ernesto Cruz 0-0: Swinging Strike
0-1: Ground out 4-3 (Groundball, 4M, EV 86.3 MPH)
Bottom of the 2nd over - 0 runs, 1 hit, 0 errors, 1 left on base; Texas 0 - Lincoln 2
TOP OF THE 3RD
Texas AirHogs batting - Pitching for Lincoln Saltdogs : RHP Chris McGaffey
Batting: RHB Mike Threadgill 0-0: Ball
1-0: Ball
2-0: Ball
3-0: Called Strike
3-1: Called Strike
3-2: SINGLE (Groundball, 56D, EV 104.4 MPH)
Batting: LHB Dustin Higgins 0-0: Foul Ball, location: 2F
0-1: Foul Ball, location: 2F
0-2: Ball
1-2: Fly out, F2 (Popup, 15S, EV 88.1 MPH)
Batting: RHB Bob Pagano 0-0: Called Strike
0-1: Ball
1-1: Ball
2-1: Foul Ball, location: 3SF
2-2: Strikes out swinging
Batting: LHB Kevin Tedder 0-0: Ball
1-0: Ball
2-0: Ball
3-0: Base on Balls
Mike Threadgill to second
Batting: LHB Felipe Ruiz 0-0: Called Strike
0-1: Ball
1-1: Foul Ball, location: 9LMF
1-2: Ball
2-2: Strikes out swinging
Top of the 3rd over - 0 runs, 1 hit, 0 errors, 2 left on base; Texas 0 - Lincoln 2
BOTTOM OF THE 3RD
Lincoln Saltdogs batting - Pitching for Texas AirHogs : RHP Ryan Barbato
Batting: LHB Paul Sims 0-0: Ball
1-0: Fly out, F7 (Flyball, 78S, EV 74.4 MPH)
Batting: LHB Gustavo Gomez 0-0: SINGLE (Flyball, 4D, EV 95.0 MPH)
Batting: RHB Mike Lincoln 0-0: Foul Ball, location: 9LMF
0-1: Foul Ball, location: 2F
0-2: Foul Ball, location: 3F
0-2: Fielders Choice at 2nd, 6-4 (Groundball, 6S, EV 83.1 MPH)
Batting: RHB Edward Echeverria 0-0: Ball
1-0: Ball
2-0: Fielders Choice at 2nd, 6-4 (Groundball, 6, EV 86.9 MPH)
Bottom of the 3rd over - 0 runs, 1 hit, 0 errors, 1 left on base; Texas 0 - Lincoln 2
TOP OF THE 4TH
Texas AirHogs batting - Pitching for Lincoln Saltdogs : RHP Chris McGaffey
Batting: SHB Jose Cervantes 0-0: Ball
1-0: Called Strike
1-1: Foul Ball, location: 5FF
1-2: Foul Ball, location: 7LSF
1-2: Foul Ball, location: 5SF
1-2: Foul Ball, location: 5F
1-2: Ball
2-2: Ball
3-2: SINGLE (Groundball, 34D, EV 106.9 MPH)
Batting: RHB Gil Wozniak 0-0: Called Strike
0-1: Fielders Choice at 2nd, 4-6 (Groundball, 4M, EV 91.9 MPH)
Batting: RHB Danny Nunez 0-0: Ball
1-0: Ball
2-0: Foul Ball, location: 3F
2-1: Swinging Strike
2-2: Foul Ball, location: 9LMFF
2-2: Ball
3-2: Strikes out swinging
Batting: RHB Taylor Schutte 0-0: Foul Ball, location: 2F
0-1: Swinging Strike
0-2: Foul Ball, location: 2F
0-2: Ball
1-2: Ball
2-2: Strikes out looking
Top of the 4th over - 0 runs, 1 hit, 0 errors, 1 left on base; Texas 0 - Lincoln 2
BOTTOM OF THE 4TH
Lincoln Saltdogs batting - Pitching for Texas AirHogs : RHP Ryan Barbato
Batting: LHB John Reinertsen 0-0: Foul Ball, location: 7LDF
0-1: Ball
1-1: Ball
2-1: Ball
3-1: Base on Balls
Batting: RHB Jim Rera 0-0: Swinging Strike
0-1: Swinging Strike
0-2: Foul Ball, location: 23F
0-2: Ball
1-2: Ball
2-2: Ball
3-2: Base on Balls
John Reinertsen to second
Batting: RHB Jordan Ruiz 0-0: Called Strike
0-1: Ball
1-1: Foul Ball, location: 2F
1-2: Ball
2-2: Foul Ball, location: 2F
2-2: SINGLE (Line Drive, 6D, EV 99.4 MPH)
John Reinertsen to third
Jim Rera to second
Batting: RHB Willie Balderas 0-0: Ball
1-0: Called Strike
1-1: Ball
2-1: Ball
3-1: Foul Ball, location: 2F
3-2: Foul Ball, location: 5DF
3-2: Strikes out looking
Batting: RHB Ernesto Cruz 0-0: Ball
1-0: SINGLE (Flyball, 8RS, EV 88.8 MPH)
John Reinertsen scores
Jim Rera to third
Jordan Ruiz to second
Runner from 3rd tries for Home, SAFE, throw by CF to home
Jordan Ruiz to third
Ernesto Cruz to second
Pinch Hitting: RHB Bobby Frazee 0-0: Called Strike
0-1: Foul Ball, location: 9LMF
0-2: Foul Ball, location: 9LDF
0-2: Ball
1-2: Foul Ball, location: 2F
1-2: Fly out, F9 (Line Drive, 89M, EV 100.0 MPH)
Runner from 3rd tags up, SCORES, no throw by RF
Pinch Hitting: LHB Steve Herron 0-0: Called Strike
0-1: Ball
1-1: Foul Ball, location: 9LSF
1-2: Ball
2-2: Fly out, F8 (Flyball, 8RS, EV 85.6 MPH)
Bottom of the 4th over - 3 runs, 2 hits, 0 errors, 1 left on base; Texas 0 - Lincoln 5
TOP OF THE 5TH
Texas AirHogs batting - Pitching for Lincoln Saltdogs : RHP Chris McGaffey
Pitching: RHP Brent Crawford
Now at 3B: Steve Herron
Now in RF: Bobby Frazee
Batting: RHB Mike Threadgill 0-0: Ball
1-0: Ball
2-0: Foul Ball, location: 3F
2-1: Foul Ball, location: 2F
2-2: Foul Ball, location: 2F
2-2: Strikes out looking
Pinch Hitting: LHB Melvin Valdez 0-0: Foul Ball, location: 2F
0-1: Swinging Strike
0-2: Ball
1-2: Foul Ball, location: 2F
1-2: Ball
2-2: Foul Ball, location: 2F
2-2: Foul Ball, location: 5SF
2-2: Ground out 4-3 (Groundball, 4M, EV 90.0 MPH)
Pinch Hitting: RHB Alex Conchas 0-0: Ball
1-0: Ball
2-0: Foul Ball, location: 9LSF
2-1: Called Strike
2-2: Ball
3-2: Fly out, F9 (Flyball, 9S, EV 89.4 MPH)
Top of the 5th over - 0 runs, 0 hits, 0 errors, 0 left on base; Texas 0 - Lincoln 5
BOTTOM OF THE 5TH
Lincoln Saltdogs batting - Pitching for Texas AirHogs : RHP Ryan Barbato
Pitching: RHP Edwuin Freid
Now at C: Alex Novoa
Now at 2B: Alex Conchas
Now in LF: Melvin Valdez
Now in CF: Taylor Schutte
Pinch Hitting: RHB Logan Hoover 0-0: Ground out 6-3 (Groundball, 6, EV 110.0 MPH)
Batting: RHB Edward Echeverria 0-0: Called Strike
0-1: Ball
1-1: Called Strike
1-2: Ground out 4-3 (Groundball, 4, EV 87.5 MPH)
Batting: LHB John Reinertsen 0-0: Ball
1-0: Ball
2-0: Foul Ball, location: 2F
2-1: Foul Ball, location: 2F
2-2: Foul Ball, location: 25F
2-2: Ball
3-2: Fly out, F9 (Line Drive, 89S, EV 89.4 MPH)
Bottom of the 5th over - 0 runs, 0 hits, 0 errors, 0 left on base; Texas 0 - Lincoln 5
TOP OF THE 6TH
Texas AirHogs batting - Pitching for Lincoln Saltdogs : RHP Brent Crawford
Pitching: LHP Josh Boomershine
Now at C: John Englehardt
Now at 1B: Justin Bowen
Now in LF: Logan Hoover
Batting: RHB Justin Huffstickler 0-0: Foul Ball, location: 9LSF
0-1: Ball
1-1: Ball
2-1: SINGLE (Line Drive, 7LS, EV 92.5 MPH)
Batting: LHB Felipe Ruiz 0-0: Foul Ball, location: 2F
0-1: Foul Ball, location: 5F
0-2: Ball
1-2: Ball
2-2: Fielders Choice at 2nd, U6 (Groundball, 4M, EV 89.4 MPH)
Pinch Hitting: SHB Justin Roscoe 0-0: Ball
1-0: Foul Ball, location: 23F
1-1: Ball
2-1: Foul Ball, location: 23F
2-2: Fly out, F4 (Popup, 3, EV 61.9 MPH)
Pinch Hitting: RHB Gabriel Flores 0-0: Foul Ball, location: 2F
0-1: Fly out, F8 (Flyball, 8RD, EV 106.3 MPH)
Top of the 6th over - 0 runs, 1 hit, 0 errors, 1 left on base; Texas 0 - Lincoln 5
BOTTOM OF THE 6TH
Lincoln Saltdogs batting - Pitching for Texas AirHogs : RHP Edwuin Freid
Pitching: LHP Mario Rico
Now at 1B: Justin Roscoe
Now at 2B: Mike Threadgill
Now at 3B: Alex Conchas
Now at SS: Gabriel Flores
Batting: RHB Jim Rera 0-0: Called Strike
0-1: Ball
1-1: Foul Ball, location: 3F
1-2: Foul Ball, location: 2F
1-2: Strikes out swinging
Batting: LHB Justin Bowen 0-0: Ball
1-0: Ball
2-0: Ball
3-0: Base on Balls
Batting: RHB Willie Balderas 0-0: Ball
1-0: Grounds into double play, 4-6-3 (Groundball, 4, EV 89.4 MPH)
Bottom of the 6th over - 0 runs, 0 hits, 0 errors, 0 left on base; Texas 0 - Lincoln 5
TOP OF THE 7TH
Texas AirHogs batting - Pitching for Lincoln Saltdogs : LHP Josh Boomershine
Batting: RHB Alex Novoa 0-0: Ground out 4-3 (Groundball, 4, EV 103.8 MPH)
Batting: RHB Taylor Schutte 0-0: Ball
1-0: Called Strike
1-1: Ball
2-1: Ball
3-1: SINGLE (Line Drive, 7S, EV 90.6 MPH)
Batting: RHB Mike Threadgill 0-0: Ball
1-0: Ball
2-0: Called Strike
2-1: Foul Ball, location: 25FF
2-2: Ball
3-2: Base on Balls
Taylor Schutte to second
Pitching: RHP Oscar Bautista
Batting: LHB Melvin Valdez 0-0: Ball
1-0: Ball
2-0: Foul Ball, location: 7LDF
2-1: Fly out, F8 (Flyball, 78D, EV 98.8 MPH)
Batting: RHB Alex Conchas 0-0: Ball
1-0: Foul Ball, location: 9LDF
1-1: Ground out U3 (Groundball, 34, EV 79.4 MPH)
Top of the 7th over - 0 runs, 1 hit, 0 errors, 2 left on base; Texas 0 - Lincoln 5
BOTTOM OF THE 7TH
Lincoln Saltdogs batting - Pitching for Texas AirHogs : LHP Mario Rico
Batting: RHB Ernesto Cruz 0-0: DOUBLE (Line Drive, 89D, EV 98.8 MPH)
Batting: RHB Bobby Frazee 0-0: Called Strike
0-1: Ball
1-1: Swinging Strike
1-2: Foul Ball, location: 5FF
1-2: Ball
2-2: Ball
3-2: Foul Ball, location: 2F
3-2: Strikes out looking
Batting: LHB Steve Herron 0-0: Ball
1-0: Called Strike
1-1: Fly out, F9 (Flyball, 9LM, EV 107.5 MPH)
Runner from 2nd tags up, SAFE at 3rd, no throw by RF
Batting: RHB Logan Hoover 0-0: Called Strike
0-1: Ball
1-1: Called Strike
1-2: Ground out 4-3 (Groundball, 4, EV 96.9 MPH)
Bottom of the 7th over - 0 runs, 1 hit, 0 errors, 1 left on base; Texas 0 - Lincoln 5
TOP OF THE 8TH
Texas AirHogs batting - Pitching for Lincoln Saltdogs : RHP Oscar Bautista
Pitching: RHP Tyler Taylor
Batting: RHB Justin Huffstickler 0-0: Called Strike
0-1: DOUBLE (Groundball, 5L, EV 105.0 MPH)
Batting: LHB Felipe Ruiz 0-0: Foul Ball, location: 2F
0-1: Called Strike
0-2: Strikes out looking
Batting: SHB Justin Roscoe 0-0: Ball
1-0: Ball
2-0: Fly out, F7 (Flyball, 7LS, EV 88.8 MPH)
Batting: RHB Gabriel Flores 0-0: Ball
1-0: Ball
2-0: Ball
3-0: Base on Balls
Batting: RHB Alex Novoa 0-0: Ball
1-0: Ball
2-0: Called Strike
2-1: SINGLE (Line Drive, 7S, EV 101.3 MPH)
Justin Huffstickler to third
Gabriel Flores to second
Runner from 3rd tries for Home, SAFE, throw by LF to home
Batting: RHB Taylor Schutte 0-0: Ball
1-0: Ball
2-0: Ball
3-0: Called Strike
3-1: Called Strike
3-2: Base on Balls
Gabriel Flores to third
Alex Novoa to second
Batting: RHB Mike Threadgill 0-0: Fielders Choice at 2nd, 6-4 (Groundball, 6, EV 80.6 MPH)
Top of the 8th over - 1 run, 2 hits, 0 errors, 3 left on base; Texas 1 - Lincoln 5
BOTTOM OF THE 8TH
Lincoln Saltdogs batting - Pitching for Texas AirHogs : LHP Mario Rico
Pitching: RHP Brad Phillips
Batting: RHB John Englehardt 0-0: Ball
1-0: Ball
2-0: Ball
3-0: Called Strike
3-1: SINGLE (Groundball, 34D, EV 106.3 MPH)
Batting: RHB Luis Villa 0-0: Ball
1-0: Called Strike
1-1: Swinging Strike
1-2: Ball
2-2: Strikes out swinging
Batting: RHB Jim Rera 0-0: Called Strike
0-1: Ball
1-1: Foul Ball, location: 2F
1-2: Ball
2-2: Grounds into double play, 1-6-3 (Groundball, 34S, EV 69.4 MPH)
Bottom of the 8th over - 0 runs, 1 hit, 0 errors, 0 left on base; Texas 1 - Lincoln 5
TOP OF THE 9TH
Texas AirHogs batting - Pitching for Lincoln Saltdogs : RHP Tyler Taylor
Pitching: RHP Tommy Phillips
Batting: LHB Melvin Valdez 0-0: Ball
1-0: Foul Ball, location: 3F
1-1: Ball
2-1: Ball
3-1: Base on Balls
Batting: RHB Alex Conchas 0-0: Ball
1-0: Foul Ball, location: 25F
1-1: Called Strike
1-2: Ball
2-2: Ball
3-2: Ground out 4-3 (Groundball, 4MD, EV 107.5 MPH)
Melvin Valdez to second
Batting: RHB Justin Huffstickler 0-0: Called Strike
0-1: Ground out 6-3 (Groundball, 6D, EV 101.3 MPH)
Batting: LHB Felipe Ruiz 0-0: Ground out 3-1 (Groundball, 34, EV 78.1 MPH)
Top of the 9th over - 0 runs, 0 hits, 0 errors, 1 left on base; Texas 1 - Lincoln 5
Sunday, May 5th , 2024 - OOTP Baseball 24.11 Build 85